 Dungeon Crawl Stone Soup version 0.17.1-2-g5865329 (webtiles) character file.

67 ololoev the Chopper (level 4, 0/35 HPs)
             Began as a Demonspawn Fighter on Jan 25, 2016.
             Slain by a hound (5 damage)
             ... on level 4 of the Dungeon.
             The game lasted 00:02:32 (356 turns).

ololoev the Chopper (Demonspawn Fighter)             Turns: 356, Time: 00:02:33

Health: 0/35       AC:  6    Str: 17    XL:     4   Next: 0%
Magic:  4/4        EV:  6    Int: 10    God:
Gold:   74         SH:  8    Dex: 12    Spells: 0 memorised, 3 levels left

rFire  + . .     SeeInvis .     a - +0 war axe
rCold  . . .     Clarity  .     b - +0 scale mail
rNeg   . . .     SustAt   .     c - +0 shield
rPois  .         Gourm    .     (no helmet)
rElec  .         Spirit   .     (no cloak)
rCorr  .         Warding  .     (no gloves)
rMut   .         Stasis   .     (no boots)
MR     .....                    (no amulet)
Stlth  ..........               (no ring)
                                (no ring)

@: not resistant to hostile enchantments, extremely unstealthy
A: claws 1, fire resistance 1, powered by death 1
a: no special abilities


Innate Abilities, Weirdness & Mutations

You have sharp fingernails.
Your flesh is heat resistant.
You regenerate a little health from kills.

Inventory:

Hand Weapons
 a - a +0 war axe (weapon)
Armour
 b - a +0 scale mail (worn)
 c - a +0 shield (worn)
 n - a +0 plate armour
Scrolls
 f - a scroll of identify {unknown}
 g - a scroll of magic mapping {unknown}
 h - a scroll of blinking {unknown}
 i - a scroll of amnesia {unknown}
 k - a scroll of fear {unknown}
 m - a scroll of enchant weapon {unknown}
Comestibles
 d - a beef jerky
 e - 4 bread rations
 l - 2 chunks of flesh


   Skills:
 - Level 3.0 Fighting
 * Level 3.3 Axes
 + Level 3.3 Armour
 - Level 2.6 Shields


You had 3 spell levels left.
You didn't know any spells.


You were on level 4 of the Dungeon.
You were not hungry.

You visited 1 branch of the dungeon, and saw 4 of its levels.

You collected 74 gold pieces.

.. ..# #
#..
#.#.####
#.#S#..#
#.#.)h@#
#.....h#
#......+
##.....#
#.....#
#.....#
#.....#
#.....#
#.....#

Notes
Turn   | Place    | Note
--------------------------------------------------------------
     0 | D:1      | ololoev the Demonspawn Fighter began the quest for the Orb.
     0 | D:1      | Reached XP level 1. HP: 18/18 MP: 1/1
    86 | D:2      | Gained mutation: Your flesh is heat resistant. [demonic ancestry]
    86 | D:2      | Reached XP level 2. HP: 22/24 MP: 2/2
   225 | D:3      | Gained mutation: You have sharp fingernails. [demonic ancestry]
   225 | D:3      | Reached XP level 3. HP: 8/29 MP: 3/3
   291 | D:3      | Gained mutation: You regenerate a little health from kills. [demonic ancestry]
   291 | D:3      | Reached XP level 4. HP: 3/35 MP: 4/4
   356 | D:4      | Slain by a hound

Dungeon Overview and Level Annotations

Branches:
Dungeon (4/15)
 Temple: D:4-7

Altars:


Message History

Found 13 gold pieces.
You slash the rat!
You kill the rat!
You have reached level 4!
You feel clever.
Your demonic ancestry asserts itself...
A wave of death washes over you.
d - a beef jerky
Found a scale mail.
You now have 74 gold pieces (gained 13).
m - a scroll labeled CILE XEUMYT
There is a stone staircase leading down here.
You climb downwards.
Found a short sword and a plate armour.
There is a stone staircase leading up here.
A hound comes into view.
You see here a plate armour.
n - a plate armour You aren't carrying any items that can be evoked.
Drink which item? (? for menu, Esc to quit)
It was a potion of curing.
You feel better. The hound bites you.
You hit the hound.
The hound is lightly wounded.
The hound bites you. The hound barely misses you. The hound bites you.
You barely miss the hound. The hound bites you but does no damage.
You block the hound's attack.
Your shield and scale mail prevent you from hitting the hound.
You block the hound's attack. The hound bites you but does no damage.
Your scale mail prevents you from hitting the hound.
You block the hound's attack. The hound bites you but does no damage.
A hound comes into view.
You barely miss the hound.
The hound barks!
The hound bites you.
The hound pauses to sniff the ground.
The hound bites you.
An adder comes into view.
The hound bites you. The hound bites you but does no damage.
The hound bites you.
You die...

You could see 2 hounds and an adder.

Vanquished Creatures
  An orc wizard (D:3)
  An adder (D:3)
  A giant gecko (D:3)
  6 orcs (D:3)
  2 bats (D:2)
  2 giant cockroaches
  4 hobgoblins
  2 goblins (D:2)
  3 rats
22 creatures vanquished.

Action                   |  1- 3 |  4- 6 || total
-------------------------+-------+-------++-------
Melee: War axe           |    82 |     5 ||    87
  Use: Potion            |     1 |     1 ||     2

Vault maps used:
D:1:      co_arrival_square_in_a_square_in_a_square
D:2:      first_bread, minmay_misc_feat_columns
